 Dungeon Crawl Stone Soup version 0.19.5 (webtiles) character file.

49 miragecloak the Unweaver (level 4, 0/35 HPs)
             Began as a Formicid Abyssal Knight on Apr 21, 2017.
             Was a Follower of Lugonu.
             Slain by an adder (4 damage)
             ... on level 2 of the Dungeon.
             The game lasted 00:01:18 (1065 turns).

miragecloak the Unweaver (Formicid Abyssal Knight)  Turns: 1065, Time: 00:01:18

Health: 0/35       AC:  3    Str: 17    XL:     4   Next: 2%
Magic:  6/6        EV: 14    Int: 11    God:    Lugonu [*.....]
Gold:   70         SH:  0    Dex: 11    Spells: 0 memorised, 3 levels left

rFire  . . .     SeeInvis +     a - +1 mace
rCold  . . .     Gourm    .     b - +0 leather armour
rNeg   . . .     Faith    .     (no shield)
rPois  .         Spirit   .     (helmet unavailable)
rElec  .         Reflect  .     (no cloak)
rCorr  .         Harm     .     (no gloves)
MR     .....                    (no boots)
Stlth  +.........               (no amulet)
                                j - +3 ring of evasion
                                p - ring of flight

@: lethally poisoned (0 -> -3)
A: permanent stasis, dig shafts and tunnels, four strong arms, antennae 3
a: Dig, Shaft Self, Depart the Abyss, Renounce Religion, Evoke Flight


You were on level 2 of the Dungeon.
You worshipped Lugonu.
Lugonu was aware of your devotion.
You were hungry.

You visited 1 branch of the dungeon, and saw 2 of its levels.
You visited the Abyss 1 time.

You collected 70 gold pieces.

Inventory:

Hand Weapons
 a - a +1 mace (weapon)
Armour
 b - a +0 leather armour (worn)
Jewellery
 i - an uncursed ring of fire
 j - a +3 ring of evasion (right hand)
 p - a ring of flight (left hand)
Scrolls
 e - 3 scrolls of identify {unknown}
 g - a scroll of remove curse {unknown}
 h - a scroll of magic mapping {unknown}
 k - a scroll of blinking {unknown}
 m - a scroll of teleportation {unknown}
Potions
 d - a potion of mutation {unknown}
 f - 2 potions of might {unknown}
 o - 2 potions of curing {unknown}
Comestibles
 c - a bread ration
 l - a slice of pizza
 n - a meat ration


   Skills:
 - Level 3.2 Fighting
 * Level 3.2 Maces & Flails
 - Level 2.1 Armour
 - Level 0.8 Dodging
 + Level 3.4 Invocations


You had 3 spell levels left.
You didn't know any spells.

Dungeon Overview and Level Annotations

Branches:
Dungeon (2/15)

Altars:


Innate Abilities, Weirdness & Mutations

You are under a permanent stasis effect.
You can dig through walls and to a lower floor.
Your four strong arms can wield two-handed weapons with a shield.
You have a pair of large antennae on your head. (SInv)


Message History

You are too injured to fight recklessly!
You are too injured to fight recklessly!
You are too injured to fight recklessly!
You are too injured to fight recklessly!
You hit the adder.
The adder is heavily wounded.
You feel sick. The adder misses you.
The goblin hits you with an enchanted dagger.
* * * LOW HITPOINT WARNING * * *
The adder misses you.
You closely miss the adder.
The adder is heavily wounded.
The adder misses you.
The goblin hits you with an enchanted dagger.
* * * LOW HITPOINT WARNING * * *
You hit the adder.
The adder is almost dead.
The adder closely misses you. The goblin completely misses you.
The adder bites you.
You die...

###.>......#
.........#.# #####
###.#.####.# ###.....
#.....##.# #..!.. #
###......# #...##.##
#...#######.#.....#
#...# #.........#
#...# #.#.##....#
#...# #.#.@g...#
#####...#####)###S...#
...............#
......#
...............#
.......
...............#
......#
#####...########
#...### #...# ...#
#...# #### #...#


You could see an adder and a goblin.

Vanquished Creatures
  2 adders (D:2)
  2 leopard geckos
  2 giant cockroaches
  5 goblins
  5 hobgoblins
  3 jackals (D:2)
  3 kobolds (D:1)
  5 rats
27 creatures vanquished.

Notes
Turn   | Place    | Note
-------+----------+-------------------------------------------
     0 | Abyss:1  | miragecloak the Formicid Abyssal Knight began the quest for the Orb.
     0 | Abyss:1  | Reached XP level 1. HP: 18/18 MP: 2/2
     0 | D:1      | Escaped the Abyss
   227 | D:1      | Reached XP level 2. HP: 24/24 MP: 3/3
   309 | D:1      | Reached * piety under Lugonu
   807 | D:2      | Reached XP level 3. HP: 29/29 MP: 5/5
  1058 | D:2      | Reached XP level 4. HP: 22/35 MP: 6/6
  1065 | D:2      | Slain by an adder

Skill      XL: |  1  2  3 |
---------------+----------+-----
Invocations    | 3 |  3.4
Maces & Flails | 3 |  3.2
Fighting       | |  3.2
Armour         | |  2.1
Dodging        | |  0.8

Action                   |  1- 3 |  4- 6 || total
-------------------------+-------+-------++-------
Melee: Mace              |    68 |     7 ||    75
Invok: Depart the Abyss  |     1 |       ||     1
Armor: Leather armour    |    13 |     1 ||    14
Dodge: Dodged            |    56 |    11 ||    67
